 Dungeon Crawl Stone Soup version 0.26.0-9-gab577f9fc5 (webtiles) character file.

Game seed: 10710613350323503602

5807 Jerry the Fighter (level 10, -9/91 HPs)
             Began as a Ghoul Fighter on Jan 13, 2021.
             Was an Initiate of Gozag.
             Mangled by an orc warrior
             ... wielding a +0 spear
              (19 damage)
             ... in a bailey.
             The game lasted 00:45:57 (9314 turns).

Jerry the Fighter (Ghoul Fighter)                   Turns: 9314, Time: 00:45:58

Health: -9/91      AC: 14    Str: 21    XL:     10   Next: 79%
Magic:  9/9        EV: 18    Int: 13    God:    Gozag
Gold:   1036       SH:  5    Dex:  8    Spells: 9/9 levels left

rFire    + + .     SeeInvis .   v - +5 lajatang of Aheajaady {drain, rPois rF++ Int+4 Stlth+}
rCold    + . .     Faith    .   (shield currently unavailable)
rNeg     + + +     Spirit   .   l - +3 ring mail {Will+}
rPois    ∞         Reflect  +   D - +0 helmet {Int+3}
rElec    .         Harm     .   n - +1 cloak
rCorr    .         Rampage  .   (no gloves)
Will     +....                  o - +0 pair of boots
Stlth    +++.......             s - amulet of reflection
HPRegen  0.00/turn              x - +4 ring of evasion
MPRegen  0.11/turn              f - +4 ring of evasion

@: gold aura, flying
A: claws 1, cold resistance 1, negative energy resistance 3, inhibited
regeneration, torment resistance, unbreathing
a: Renounce Religion, Potion Petition, Call Merchant, Bribe Branch


You were in a bailey.
You worshipped Gozag.
Gozag was most pleased with you.
You visited 2 branches of the dungeon, and saw 10 of its levels.
You also visited: Sewer, Ossuary and Bailey.

You collected 1983 gold pieces.
You spent 881 gold pieces at shops.
You paid 66 gold pieces to Gozag.

Inventory:

Hand Weapons
 j - a +1 mace of flaming
 v - the +5 lajatang of Aheajaady (weapon) {drain, rPois rF++ Int+4 Stlth+}
   (You bought it in a shop on level 7 of the Dungeon)

   A truly terrible weapon, it drains the life of those it strikes.
   It affects your intelligence (+4).
   It greatly protects you from fire.
   It protects you from poison.
   It makes you more stealthy.
Armour
 c - a +0 kite shield
 l - a +3 ring mail of willpower (worn)
 n - a +1 cloak (worn)
 o - a +0 pair of boots (worn)
 D - a +0 helmet of intelligence (worn)
 K - the +2 helmet of the Poles {Dex+4 Slay+2, unknown}
   (You found it in a bailey)

   It affects your dexterity (+4).
   It affects your accuracy and damage with ranged weapons and melee attacks
   (+2).
 M - +1 gold dragon scales
Jewellery
 f - a +4 ring of evasion (right claw)
 h - an uncursed ring of wizardry
 k - an uncursed ring of see invisible
 s - an amulet of reflection (around neck)
 t - a cursed ring of teleportation {unknown}
 x - a +4 ring of evasion (left claw)
 G - an uncursed ring of protection from cold
 L - a cursed ring of teleportation {unknown}
Wands
 C - a wand of digging (6)
 I - a wand of flame (10)
 J - a wand of acid (7)
Scrolls
 p - a scroll of fog
 q - 9 scrolls of teleportation
 r - a scroll of enchant armour
 u - 3 scrolls of amnesia
 w - 5 scrolls of remove curse
 y - 6 scrolls of blinking
 z - a scroll of fear
 A - 4 scrolls of magic mapping
 E - 2 scrolls of identify
 F - a scroll of enchant weapon
Potions
 a - 2 potions of attraction
 d - 4 potions of might
 e - 6 potions of haste
 g - 2 potions of magic
 i - 6 potions of heal wounds
 m - a potion of brilliance
 B - 5 potions of curing
 H - a potion of invisibility {unknown}


   Skills:
 + Level 9.1 Fighting
 - Level 6.4(7.8) Maces & Flails
 * Level 6.9(8.1) Staves
 + Level 7.5 Armour
 + Level 6.3 Stealth
 - Level 2.6 Shields


You had 9 spell levels left.
You didn't know any spells.
Your spell library contained the following spells:

 Spells                   Type           Power        Failure   Level
 Animate Skeleton         Necr           0%           43%         1
 Apportation              Tloc           0%           43%         1
 Corona                   Hex            0%           43%         1
 Summon Small Mammal      Summ           0%           43%         1
 Call Imp                 Summ           0%           56%         2
 Call Canine Familiar     Summ           0%           80%         3
 Summon Guardian Golem    Hex/Summ       0%           80%         3
 Summon Ice Beast         Ice/Summ       0%           99%         4
 Summon Lightning Spire   Summ/Air       0%           99%         4


Dungeon Overview and Level Annotations

Branches:
Dungeon (9/15)             Temple (1/1) D:4            Lair (0/6) D:8
  Sewer (visited)         Ossuary (visited)          Bailey (1/1)
    Orc: D:9-12

Altars:
Ashenzari
Cheibriados
Dithmenos
Elyvilon
Fedhas
Gozag
Hepliaklqana
Kikubaaqudgha
Makhleb
Nemelex Xobeh
Okawaru
Qazlal
Ru
Sif Muna
Trog
Uskayaw
Vehumet
Wu Jian
Xom
Yredelemnul
Zin
The Shining One

Shops:
D:5 =   D:7 ==(?(   D:8 [

Annotations:
D:5 2 runed translucent doors, lasso's ghost, novice DECj
D:6 2 runed translucent doors, mokwee's ghost, novice MiFi


Innate Abilities, Weirdness & Mutations

You thrive by killing the living.
You are immune to poison.
You have sharp fingernails.
Your flesh is cold resistant. (rC+)
You are immune to negative energy. (rN+++)
You do not regenerate when monsters are visible.
You are immune to unholy pain and torment.
You can survive without breathing.


Message History

You barely miss the orc warrior.
The orc warrior is severely wounded.
The orc warrior misses you.
The orc knight hits you from afar with a +0 halberd!
You block the orc warrior's attack.
You slash the orc warrior!
You kill the orc warrior!
The orc warrior hits you from afar with a +0 spear.
The orc knight hits you from afar with a +0 halberd!
The orc warrior hits you with a +0 spear!
The orc knight hits you with a +0 halberd!
* * * LOW HITPOINT WARNING * * *
Things that are here:
6 gold pieces; a +0 glaive; a +0 chain mail The orc warrior cheers repeatedly, as Orcs often do.
The orc knight hits you from afar with a +0 halberd!
* * * LOW HITPOINT WARNING * * *
The orc warrior hits you from afar with a +0 spear!!
You die...
Your body crumbles into a pile of gold.

#..........≈≈..## ##.)≈≈.........
#.≈≈≈≈≈≈≈≈≈≈))##.∩.##..≈≈≈≈≈≈≈≈≈≈
#.≈..........##.....##..........≈
#.≈.#############'###'#########.≈
#.≈.##.)...##.........##.....##.≈
#.≈..##...#'..§§≈≈≈≈≈..##...##..≈
#.≈≈..##.##..§≈o§..(§§..##.##))≈≈
##.≈≈..#'#..§§$§⌠∩⌠..≈§..#)#..≈≈.
#∩.≈≈..#'#..§≈o.@⌠...§§..#'#..≈≈.
#.≈≈..##.##..≈≈..(..§≈..##.##..≈≈
#.≈..##...##..≈≈≈§≈≈§..#'...##..≈
#.≈.##.....##.........##.....##.≈
#.≈.#############'#############.≈
#.≈..##### #.....##..........≈
#.≈≈≈≈≈≈≈#######...##..≈≈≈≈≈≈≈≈≈≈
#.........##...##.##..≈≈.........
########.##..≈..###..≈≈..########


You could see an orc knight and an orc warrior (strong).

Vanquished Creatures
  A two-headed ogre (D:8)
  Pikel (D:7)
  A komodo dragon (D:8)
  A wyvern (D:8)
  2 basilisks (D:8)
  An acid dragon (D:8)
  6 orc warriors
  A sky beast (D:5)
  A black bear (shapeshifter) (D:3)
  A phantom (D:8)
  A black bear (D:8)
  2 ogres
  A necrophage (D:6)
  A lemure (D:7)
  4 centaurs
  Blork the orc (D:4)
  3 bullfrogs
  2 water moccasin zombies (Ossuary)
  A wyvern zombie (Ossuary)
  3 scorpions
  2 howler monkeys
  3 wights (D:8)
  4 bullfrog zombies (Ossuary)
  5 centaur zombies
  2 jellies
  5 orc priests
  3 hounds
  Crazy Yiuf (D:2)
  A centaur skeleton (D:5)
  3 orc wizards
  6 worker ants
  11 mummies (Ossuary)
  6 hound zombies
  2 hound skeletons
  7 gnolls
  2 worker ant zombies (Ossuary)
  15 adders
  2 shadow imps
  A white imp (D:8)
  An ufetubus (D:6)
  An ooze (D:4)
  2 adder zombies (Ossuary)
  An adder skeleton (D:4)
  5 worms
  A dart slug (D:5)
  8 leopard geckos
  64 orcs
  9 bats
  5 giant cockroaches
  2 hobgoblins
  9 jackals
  18 kobolds
  3 ball pythons
  8 frilled lizards
  A giant cockroach zombie (Ossuary)
  11 goblins
  A jackal skeleton (D:4)
  2 jackal zombies (Ossuary)
  A leopard gecko zombie (Ossuary)
  A quokka zombie (Ossuary)
  6 rats
276 creatures vanquished.

Vanquished Creatures (others)
  An orc (D:8)
  2 plants (Sewer)
  4 withered plants (Ossuary)
7 creatures vanquished.

Grand Total: 283 creatures vanquished

Notes
Turn   | Place    | Note
-------+----------+-------------------------------------------
     0 | D:1      | Jerry the Ghoul Fighter began the quest for the Orb.
     0 | D:1      | Reached XP level 1. HP: 19/19 MP: 0/0
   144 | D:1      | Reached XP level 2. HP: 20/26 MP: 1/1
   713 | D:2      | Reached XP level 3. HP: 33/33 MP: 2/2
  1162 | D:2      | Reached skill level 4 in Fighting
  1271 | D:2      | Found a runed translucent door.
  1273 | D:2      | Noticed Crazy Yiuf
  1283 | D:2      | Killed Crazy Yiuf
  1284 | D:2      | Reached XP level 4. HP: 28/40 MP: 3/3
  1764 | D:3      | Reached XP level 5. HP: 47/47 MP: 4/4
  2077 | D:3      | Noticed a shapeshifter
  2077 | D:3      | an orc wizard changed into a shapeshifter
  2077 | D:3      | Noticed a black bear
  2077 | D:3      | a shapeshifter changed into a black bear
  2080 | D:3      | Killed a black bear
  2081 | D:3      | Reached skill level 5 in Fighting
  2081 | D:3      | Reached XP level 6. HP: 37/56 MP: 5/5
  2713 | D:4      | Got a crude ring mail
  2714 | D:4      | Identified the cursed +1 ring mail of the Earth {Rampage
                  | rF+ Dex+2} (You found it on level 4 of the Dungeon)
  2776 | D:4      | Found a glowing silver altar of Zin.
  2779 | D:4      | Found a glowing golden altar of the Shining One.
  2781 | D:4      | Found a white marble altar of Elyvilon.
  2817 | D:4      | Found a glowing drain.
  2830 | Sewer    | Entered a sewer
  3587 | D:4      | Found a staircase to the Ecumenical Temple.
  3599 | Temple   | Entered the Ecumenical Temple
  3648 | Temple   | Became a worshipper of Gozag Ym Sagoz the Greedy
  3825 | D:4      | Found a sparkling altar of Nemelex Xobeh.
  3870 | D:4      | Noticed Blork the orc
  4146 | D:4      | Reached XP level 7. HP: 58/61 MP: 6/6
  4185 | D:4      | Killed Blork the orc
  4460 | D:5      | Entered Level 5 of the Dungeon
  4460 | D:5      | Found Bushoitru's Jewellery Shop.
  4474 | D:5      | Bought a cursed amulet of inaccuracy for 22 gold pieces
  4532 | D:5      | Found a shadowy altar of Dithmenos.
  4638 | D:5      | HP: 3/62 [sky beast (5)]
  4662 | D:5      | Reached skill level 6 in Fighting
  4662 | D:5      | Reached skill level 5 in Maces & Flails
  5118 | D:5      | Reached skill level 5 in Armour
  5178 | D:5      | Found a large runed translucent door.
  5179 | D:5      | Found a large runed translucent door.
  5189 | D:5      | Noticed lasso's ghost (novice DECj)
  5444 | D:6      | Reached XP level 8. HP: 70/70 MP: 7/7
  5594 | D:6      | Found a runed translucent door.
  5597 | D:6      | Noticed mokwee's ghost (novice MiFi)
  6090 | D:6      | Found a runed translucent door.
  6319 | D:7      | Found a hide-covered altar of Uskayaw.
  6347 | D:7      | Found Xumonal's Jewellery Boutique.
  6359 | D:7      | Found a sparkling altar of Nemelex Xobeh.
  6370 | D:7      | Found Xoroug's Jewellery Emporium.
  6484 | D:7      | Found Fiabew's Antique Weapon Shoppe.
  6490 | D:7      | Noticed Pikel
  6491 | D:7      | Found Pusamp's Magic Scroll Emporium.
  6525 | D:7      | Got a twisted ring mail
  6527 | D:7      | Identified the +2 ring mail of Unreason {Harm Dex+4} (You
                  | found it on level 7 of the Dungeon)
  6592 | D:7      | Found Yseental's Antique Weapon Shoppe.
  6602 | D:7      | Bought a pitted lajatang for 540 gold pieces
  6602 | D:7      | Identified the +5 lajatang of Aheajaady {drain, rPois rF++
                  | Int+4 Stlth+} (You bought it in a shop on level 7 of the
                  | Dungeon)
  6712 | D:7      | Bought a scroll of identify for 28 gold pieces
  6712 | D:7      | Bought 3 scrolls of teleportation for 126 gold pieces
  6811 | D:7      | Killed Pikel
  6812 | D:7      | Reached skill level 7 in Fighting
  6812 | D:7      | Reached XP level 9. HP: 66/79 MP: 8/8
  7016 | D:8      | Found a sand-covered staircase.
  7095 | Ossuary  | Entered an ossuary
  7240 | Ossuary  | Reached skill level 8 in Fighting
  7574 | D:8      | Reached skill level 5 in Staves
  7589 | D:8      | Reached XP level 10. HP: 66/88 MP: 9/9
  7822 | D:8      | Reached skill level 5 in Stealth
  8009 | D:8      | Found Komuatoh's Antique Armour Shop.
  8023 | D:8      | Bought a glowing helmet for 165 gold pieces
  8188 | D:8      | Found a staircase to the Lair.
  8532 | D:8      | Noticed a two-headed ogre
  8539 | D:8      | Killed a two-headed ogre
  8540 | D:8      | Reached skill level 9 in Fighting
  8750 | D:9      | Found a flagged portal.
  8774 | Bailey   | Entered a bailey
  8884 | Bailey   | Noticed an orc knight
  9194 | Bailey   | Got a bloodstained helmet
  9314 | Bailey   | Mangled by an orc warrior

Illustrated notes

Levels and vault maps discovered:
D:1:      sevenhm_arrival_forest_fort_small_4, layout_rooms
D:2:      layout_loops_ring, uniq_crazy_yiuf_cottage
D:3:      layout_basic
D:4:      layout_loops_cross, good_gods_temple_1,
          minmay_temple_entry_glassed_door, cheibrodos_sewer_entry_bend,
          nemelex_lonely_heart_becter, uniq_blork_the_orc
D:5:      layout_cave_pools, general_overflow_altar, serial_park,
          serial_park_square1 [serial_park_minivault_5x5_6], serial_park_square1
          [serial_park_minivault_5x5_6], serial_park_square3
          [serial_park_minivault_5x5_1], serial_shops, shop,
          ebering_ghost_disaster_area, minmay_quadrilaterals
D:6:      layout_loops_cross, ebering_ghost_sewer_f
D:7:      layout_rooms, chequers_temple_overflow_statue_of_worship,
          serial_shops, shop, shop, shop, nicolae_shop_stone,
          nicolae_shop_behind_doors, uniq_pikel
D:8:      layout_basic, erik_lair_dragon, special_room [special_room_orc],
          serial_shops, nicolae_shop_window_shopping,
          nicolae_ossuary_entry_ruins
D:9:      layout_layer_cave, enter_bailey_3
Temple:   kb_temple_of_zot
Bailey:   bailey_polearm_1, bailey

Skill      XL: |  1  2  3  4  5  6  7  8  9 10 |
---------------+-------------------------------+-----
Maces & Flails | 2 3 4 5 6 |  6.4
Armour         | 3 4 5 6 7 |  7.5
Fighting       | 4 5 6 7 8 9 |  9.1
Staves         | 2 5 6 |  6.9
Stealth        | 2 4 6 |  6.3
Shields        | |  2.6

Action                   |  1- 3 |  4- 6 |  7- 9 | 10-12 || total
-------------------------+-------+-------+-------+-------++-------
Melee: Flail             |   110 |       |       |       ||   110
       Quarterstaff      |       |   213 |       |       ||   213
       Mace              |       |    31 |   197 |       ||   228
       Lajatang          |       |       |   198 |   136 ||   334
Throw: Dart              |       |       |       |     8 ||     8
Evoke: Wand              |       |       |       |     9 ||     9
  Use: Scroll            |     7 |     3 |    17 |     1 ||    28
       Potion            |       |       |     1 |     2 ||     3
 Stab: Paralysed         |       |     3 |       |       ||     3
       Distracted        |       |       |     3 |     2 ||     5
       Sleeping          |       |       |       |     1 ||     1
Armor: Scale mail        |    13 |       |       |       ||    13
       Ring mail         |    52 |   142 |   121 |    21 ||   336
       Leather armour    |     4 |       |       |       ||     4
Dodge: Dodged            |    54 |   155 |   213 |    94 ||   516
Block: Other             |     6 |    94 |    72 |    30 ||   202
       Reflection        |       |     8 |       |       ||     8
